Pick #1

Connor Bedard
Pick #2

Leo Carlsson
Pick #3

Adam Fantilli
Pick #4

Matvei Michkov
Pick #5

David Reinbacher
Pick #6

William Smith
Pick #7

Zachary Benson
Pick #8

Ryan Leonard
Pick #9

Gabriel Perreault
Pick #10

Axel Sandin-Pellika
Pick #11

Daniil But
Pick #12

Dalibor Dvorsky
Pick #13

Quentin Musty
Pick #14

Brayden Yager
Pick #15

Dmitry Simashev
Pick #16

Colby Barlow
Pick #17

Andrew Cristall
Pick #18

Easton Cowan
Pick #19

Jacob Fowler
Pick #20

Oliver Moore
Pick #21

Oliver Bonk
Pick #22

Tom Willander
Pick #23

Calum Ritchie
Pick #24

Tanner Molendyk
Pick #25

Gavin Brindley
Pick #26

Nate Danielson
Pick #27

Pick #28

Pick #29

Pick #30

Pick #31

Pick #32

Pick #33

Pick #34

Pick #35

Pick #36

Pick #37

Pick #38

Pick #39

Pick #40

Pick #41

Pick #42

Pick #43

Pick #44

Pick #45

Pick #46

Pick #47

Pick #48

Pick #49

Pick #50

Pick #51

Pick #52

Pick #53

Pick #54

Pick #55

Pick #56

Pick #57

Pick #58

Pick #59

Pick #60

Pick #61

Pick #62

Pick #63

Pick #64

Pick #65

Pick #66

Pick #67

Pick #68

Pick #69

Pick #70

Pick #71

Pick #72

Pick #73

Pick #74

Pick #75

Pick #76

Pick #77

Pick #78

Pick #79

Pick #80

Pick #81

Pick #82

Pick #83

Pick #84

Pick #85

Pick #86

Pick #87

Pick #88

Pick #89

Pick #90

Pick #91

Pick #92

Pick #93

Pick #94

Pick #95

Pick #96

Pick #97

Pick #98

Pick #99

Pick #100

Pick #101

Pick #102

Pick #103

Pick #104

Pick #105

Pick #106

Pick #107

Pick #108

Pick #109

Pick #110

Pick #111

Pick #112

Pick #113

Pick #114

Pick #115

Pick #116

Pick #117

Pick #118

Pick #119

Pick #120

Pick #121

Pick #122

Pick #123

Pick #124

Pick #125

Pick #126

Pick #127

Pick #128

Pick #129

Pick #130

Full Scoreboard »»

Senators vs MapleLeafs

Created - February 11, 2024 at 22:52

Goals
1 2 3 T
Senators 1 1 1 3
MapleLeafs 1 0 1 2
Shots
1 2 3 T
Senators 14 11 11 36
MapleLeafs 7 6 3 16

GoalsPenalties
1st period
1. Senators , Scott Laughton 14 (K'Andre Miller 21, Andrew Copp 21) at 1:36 (PP)
2. MapleLeafs , Jonatan Berggren 2 (Filip Chytil 6) at 10:16
Barrett Hayton (TOR) for Cross-checking (Minor) at 0:10
K'Andre Miller (OTT) for Roughing (Minor) at 4:31
Ryan Graves (TOR) for Boarding (Minor) at 8:11
Nicolas Hague (TOR) for Roughing (Minor) at 15:14
Trent Frederic (TOR) for Holding (Minor) at 18:44
2nd period
3. Senators , Tomas Tatar 6 (Andrew Copp 22, K'Andre Miller 22) at 1:33 (PP)
Alexander Romanov (TOR) for Hooking (Minor) at 0:51
Nicolas Hague (TOR) for High sticking (Minor) at 6:21
Noah Hanifin (OTT) for Tripping (Minor) at 14:22
3rd period
4. Senators , Luke Glendening 5 (Pius Suter 9, Connor Clifton 9) at 6:45
5. MapleLeafs , Filip Chytil 7 (Trent Frederic 1, Zach Whitecloud 6) at 17:42
Adam Lowry (OTT) for Hooking (Minor) at 0:53
K'Andre Miller (OTT) for Tripping (Minor) at 11:04
Goalie Stats
Igor Shesterkin (OTT), 14 saves from 16 shots - (0.875), W, 20-17-4, 60:00 minutes
Jordan Binnington (TOR), 33 saves from 36 shots - (0.917), L, 10-15-4, 59:32 minutes
3 StarsOfficial
1 - Filip Chytil (TOR)
2 - Luke Glendening (OTT)
3 - Scott Laughton (OTT)
Referees : Dave Lewis and Andrew Wilk
Linesman : Michel Cormier and Colin Gates
Game Note
No Game Note
Finance
Level 1 -- Attendance: 6433 (98.97%) -- Ticket Income $707,630
Level 2 -- Attendance: 4309 (86.18%) -- Ticket Income $387,810
Level 3 -- Attendance: 3405 (97.29%) -- Ticket Income $221,325
Level 4 -- Attendance: 2563 (90.92%) -- Ticket Income $102,520
Luxury Box -- Attendance: 1000 (100.00%) -- Ticket Income $220,000
Game was played at the Air Canada Center.
Total Attendance: 17710 (94.11%)
Total Ticket Income: $1,639,285
Other Income: $409,821
Total Income: $2,049,106



Team Name Goals Shots Shots Attemp Shots Blocked PIM HIT PP PK FO%
Senators 3366398262 / 6 (33%)048%
MapleLeafs 21639812180 / 4 (0%)252%

Senators
Player Name POS G A P +/- PIM HIT SHT SB MP PP MP PP SHT PK MP PK SHT FO% FOT
Adam LowryC0000250015:330:0002:46060% 5
Andrew CoppC0220009021:065:0223:57039% 23
Anthony CirelliC0000000115:410:1004:0500% 0
Brock McGinnLW000000009:380:0001:0500% 0
Christian DvorakC0000001011:010:0000:00036% 11
Connor CliftonD0110020216:070:0003:3300% 0
Erik JohnsonD0000011016:340:0003:1100% 0
Jake WalmanD0000000018:354:5900:0600% 0
Joel Eriksson EkC000-1023015:215:0220:00045% 20
K'Andre MillerD0220431021:194:5912:0300% 0
Luke GlendeningC1010044012:070:0003:59067% 18
Matty BeniersC0000013017:095:0200:00050% 4
Nikita KucherovRW000-1011215:215:0200:0000% 0
Noah HanifinD000-1241122:535:0502:4200% 0
Pius SuterC011000308:080:0000:0000% 0
Rasmus AnderssonD000-1002124:295:0514:1700% 0
Scott LaughtonC101-1033215:114:5220:000100% 1
Tomas TatarLW1010004015:475:0220:0000% 1
MapleLeafs
Player Name POS G A P +/- PIM HIT SHT SB MP PP MP PP SHT PK MP PK SHT FO% FOT
Alexander RomanovD0000240120:320:0004:0600% 0
Alexander WennbergC0000011023:104:4605:38050% 34
Anthony DuclairLW0000011016:163:1000:0400% 0
Barrett HaytonC0000201012:020:0000:0000% 0
Drake BathersonRW0000011017:264:4600:000100% 1
Erik CernakD0000010321:060:0004:3900% 0
Filip ChytilC1121004114:553:1000:00043% 14
John MarinoD000-1010024:514:4006:3600% 0
Jonatan BerggrenRW1011013012:280:0000:00050% 2
Jonathan HuberdeauC0000022017:264:4610:00067% 3
Nicolas HagueD0002400015:123:1600:0000% 0
Nils AmanC000000008:120:0003:2300% 0
Noah CatesLW0000000011:260:0006:3700% 0
Noel AcciariC000000019:150:0004:26067% 12
Ryan GravesD000-1231223:014:4014:4700% 0
Shane PintoC0000010015:343:1000:00047% 17
Trent FredericC0111221011:440:0000:0000% 0
Zach WhitecloudD0112001015:143:1600:0000% 0



Play-by-Play

1st period


0:01 of 1st period - Andrew Copp wins face-off versus Shane Pinto in neutral zone.
0:03 of 1st period - Off-side.
0:04 of 1st period - Alexander Wennberg wins face-off versus Joel Eriksson Ek in neutral zone.
0:10 of 1st period - Minor Penalty to Barrett Hayton for Cross-checking.
0:11 of 1st period - Joel Eriksson Ek wins face-off versus Alexander Wennberg in MapleLeafs zone.
0:20 of 1st period - Shot by Matty Beniers.
0:20 of 1st period - Shot Misses the Net.
0:38 of 1st period - Shot by Rasmus Andersson.
0:38 of 1st period - Stopped by Jordan Binnington without a rebound.
0:39 of 1st period - Alexander Wennberg wins face-off versus Andrew Copp in MapleLeafs zone.
0:50 of 1st period - Icing by Tomas Tatar.
0:51 of 1st period - Andrew Copp wins face-off versus Alexander Wennberg in Senators zone.
0:56 of 1st period - Shot by Tomas Tatar.
0:56 of 1st period - Stopped by Jordan Binnington without a rebound.
0:57 of 1st period - Noel Acciari wins face-off versus Andrew Copp in MapleLeafs zone.
1:10 of 1st period - Shot by Scott Laughton.
1:10 of 1st period - Shot Misses the Net.
1:12 of 1st period - Shot by K'Andre Miller.
1:12 of 1st period - Shot Misses the Net.
1:34 of 1st period - Shot by K'Andre Miller.
1:34 of 1st period - Shot Blocked by Ryan Graves.
1:36 of 1st period - Shot by Scott Laughton.
1:36 of 1st period - Goal by Scott Laughton - Senators : 1 - MapleLeafs : 0.
1:37 of 1st period - Filip Chytil wins face-off versus Luke Glendening in neutral zone.
1:42 of 1st period - Shot by Zach Whitecloud.
1:42 of 1st period - Shot Misses the Net.
1:44 of 1st period - Shot by Filip Chytil.
1:44 of 1st period - Stopped by Igor Shesterkin without a rebound.
1:45 of 1st period - Luke Glendening wins face-off versus Shane Pinto in Senators zone.
2:08 of 1st period - Rasmus Andersson is hit by Alexander Romanov and loses puck.
2:19 of 1st period - Shot by Noah Hanifin.
2:19 of 1st period - Stopped by Jordan Binnington without a rebound.
2:20 of 1st period - Alexander Wennberg wins face-off versus Andrew Copp in MapleLeafs zone.
2:37 of 1st period - Shot by Anthony Duclair.
2:37 of 1st period - Shot Misses the Net.
2:39 of 1st period - Shot by Alexander Wennberg.
2:39 of 1st period - Deflect By Anthony Duclair.
2:39 of 1st period - Stopped by Igor Shesterkin without a rebound.
2:40 of 1st period - Christian Dvorak wins face-off versus Filip Chytil in Senators zone.
2:40 of 1st period - K'Andre Miller is hit by Jonatan Berggren.
2:49 of 1st period - Anthony Cirelli is hit by Trent Frederic and loses puck.
2:57 of 1st period - Off-side.
2:58 of 1st period - Alexander Wennberg wins face-off versus Joel Eriksson Ek in neutral zone.
3:07 of 1st period - Shot by Alexander Wennberg.
3:07 of 1st period - Stopped by Igor Shesterkin without a rebound.
3:08 of 1st period - Filip Chytil wins face-off versus Andrew Copp in Senators zone.
3:31 of 1st period - Shot by Andrew Copp.
3:31 of 1st period - Stopped by Jordan Binnington with a rebound.
3:33 of 1st period - Shot by Adam Lowry.
3:33 of 1st period - Shot Misses the Net.
3:35 of 1st period - Shot by Matty Beniers.
3:35 of 1st period - Stopped by Jordan Binnington without a rebound.
3:36 of 1st period - Joel Eriksson Ek wins face-off versus Alexander Wennberg in MapleLeafs zone.
3:51 of 1st period - Shot by Barrett Hayton.
3:51 of 1st period - Stopped by Igor Shesterkin without a rebound.
3:52 of 1st period - Shane Pinto wins face-off versus Christian Dvorak in Senators zone.
4:03 of 1st period - Shot by Jonathan Huberdeau.
4:03 of 1st period - Stopped by Igor Shesterkin without a rebound.
4:04 of 1st period - Noel Acciari wins face-off versus Joel Eriksson Ek in Senators zone.
4:18 of 1st period - Off-side.
4:19 of 1st period - Shane Pinto wins face-off versus Christian Dvorak in neutral zone.
4:24 of 1st period - Shot by Drake Batherson.
4:24 of 1st period - Shot Misses the Net.
4:27 of 1st period - Icing by K'Andre Miller.
4:28 of 1st period - Alexander Wennberg wins face-off versus Christian Dvorak in Senators zone.
4:28 of 1st period - Alexander Wennberg is hit by K'Andre Miller.
4:31 of 1st period - Minor Penalty to K'Andre Miller for Roughing.
4:32 of 1st period - Alexander Wennberg wins face-off versus Luke Glendening in Senators zone.
4:32 of 1st period - Alexander Wennberg is hit by Noah Hanifin.
5:06 of 1st period - Shot by Ryan Graves.
5:06 of 1st period - Shot Blocked by Noah Hanifin.
5:14 of 1st period - Shot by Jonathan Huberdeau.
5:14 of 1st period - Shot Misses the Net.
5:53 of 1st period - Icing by Zach Whitecloud.
5:54 of 1st period - Shane Pinto wins face-off versus Andrew Copp in MapleLeafs zone.
5:54 of 1st period - Shane Pinto is hit by Adam Lowry.
6:00 of 1st period - Adam Lowry is hit by Shane Pinto and loses puck.
6:07 of 1st period - Shot by Anthony Duclair.
6:07 of 1st period - Shot Misses the Net.
6:13 of 1st period - Shot by Zach Whitecloud.
6:13 of 1st period - Shot Misses the Net.
6:36 of 1st period - Scott Laughton is hit by Alexander Romanov and loses puck.
7:51 of 1st period - Shot by Anthony Cirelli.
7:51 of 1st period - Shot Misses the Net.
8:06 of 1st period - Tomas Tatar is hit by John Marino.
8:11 of 1st period - Minor Penalty to Ryan Graves for Boarding.
8:12 of 1st period - Joel Eriksson Ek wins face-off versus Alexander Wennberg in MapleLeafs zone.
8:42 of 1st period - Icing by Joel Eriksson Ek.
8:43 of 1st period - Noel Acciari wins face-off versus Matty Beniers in Senators zone.
9:20 of 1st period - Shot by Andrew Copp.
9:20 of 1st period - Stopped by Jordan Binnington without a rebound.
9:21 of 1st period - Andrew Copp wins face-off versus Noel Acciari in MapleLeafs zone.
9:39 of 1st period - Andrew Copp is hit by Alexander Romanov and loses puck.
9:44 of 1st period - Shot by K'Andre Miller.
9:44 of 1st period - Stopped by Jordan Binnington without a rebound.
9:45 of 1st period - Alexander Wennberg wins face-off versus Joel Eriksson Ek in MapleLeafs zone.
9:45 of 1st period - Alexander Wennberg is hit by Nikita Kucherov.
10:05 of 1st period - Shot by Joel Eriksson Ek.
10:05 of 1st period - Stopped by Jordan Binnington without a rebound.
10:06 of 1st period - Noel Acciari wins face-off versus Andrew Copp in MapleLeafs zone.
10:11 of 1st period - Scott Laughton is hit by Trent Frederic and loses puck.
10:16 of 1st period - Shot by Jonatan Berggren.
10:16 of 1st period - Goal by Jonatan Berggren - Senators : 1 - MapleLeafs : 1.
10:17 of 1st period - Luke Glendening wins face-off versus Alexander Wennberg in neutral zone.
10:26 of 1st period - Shot by Pius Suter.
10:26 of 1st period - Stopped by Jordan Binnington without a rebound.
10:27 of 1st period - Matty Beniers wins face-off versus Filip Chytil in MapleLeafs zone.
11:48 of 1st period - Shot by Anthony Duclair.
11:48 of 1st period - Shot Misses the Net.
11:51 of 1st period - Barrett Hayton is hit by K'Andre Miller and loses puck.
12:02 of 1st period - Shot by Alexander Wennberg.
12:02 of 1st period - Shot Misses the Net.
12:04 of 1st period - Shot by Alexander Wennberg.
12:04 of 1st period - Shot Misses the Net.
12:36 of 1st period - Shot by Pius Suter.
12:36 of 1st period - Stopped by Jordan Binnington without a rebound.
12:37 of 1st period - Noel Acciari wins face-off versus Joel Eriksson Ek in MapleLeafs zone.
12:37 of 1st period - Noel Acciari is hit by Joel Eriksson Ek.
12:56 of 1st period - Noah Cates is hit by Connor Clifton and loses puck.
13:05 of 1st period - Shot by Zach Whitecloud.
13:05 of 1st period - Stopped by Igor Shesterkin without a rebound.
13:06 of 1st period - Filip Chytil wins face-off versus Matty Beniers in Senators zone.
13:06 of 1st period - Filip Chytil is hit by Noah Hanifin.
13:53 of 1st period - Matty Beniers is hit by Ryan Graves.
14:07 of 1st period - Off-side.
14:08 of 1st period - Joel Eriksson Ek wins face-off versus Alexander Wennberg in neutral zone.
15:13 of 1st period - Shot by Luke Glendening.
15:13 of 1st period - Stopped by Jordan Binnington with a rebound.
15:14 of 1st period - Minor Penalty to Nicolas Hague for Roughing.
15:15 of 1st period - Noel Acciari wins face-off versus Andrew Copp in MapleLeafs zone.
15:15 of 1st period - Noel Acciari is hit by Scott Laughton.
15:22 of 1st period - Icing by Rasmus Andersson.
15:23 of 1st period - Andrew Copp wins face-off versus Alexander Wennberg in Senators zone.
15:23 of 1st period - Andrew Copp is hit by Alexander Wennberg.
16:45 of 1st period - Shot by K'Andre Miller.
16:45 of 1st period - Shot Blocked by Erik Cernak.
16:49 of 1st period - Shot by K'Andre Miller.
16:49 of 1st period - Shot Blocked by Erik Cernak.
17:23 of 1st period - Shane Pinto is hit by Luke Glendening and loses puck.
18:25 of 1st period - Shot by Tomas Tatar.
18:25 of 1st period - Stopped by Jordan Binnington with a rebound.
18:27 of 1st period - Shot by Tomas Tatar.
18:27 of 1st period - Shot Misses the Net.
18:29 of 1st period - Shot by Christian Dvorak.
18:29 of 1st period - Shot Misses the Net.
18:44 of 1st period - Minor Penalty to Trent Frederic for Holding.
18:45 of 1st period - Alexander Wennberg wins face-off versus Joel Eriksson Ek in MapleLeafs zone.
18:56 of 1st period - Noah Cates is hit by Joel Eriksson Ek and loses puck.
19:27 of 1st period - Shot by Nikita Kucherov.
19:27 of 1st period - Shot Blocked by Noel Acciari.
19:29 of 1st period - Shot by Matty Beniers.
19:29 of 1st period - Shot Misses the Net.
19:40 of 1st period - Icing by Scott Laughton.
19:41 of 1st period - Scott Laughton wins face-off versus Alexander Wennberg in Senators zone.
19:48 of 1st period - Shot by Scott Laughton.
19:48 of 1st period - Stopped by Jordan Binnington without a rebound.
19:49 of 1st period - Alexander Wennberg wins face-off versus Andrew Copp in MapleLeafs zone.
Goals for this period are 1 for Senators vs 1 for MapleLeafs.
Shots for this period are 14 for Senators vs 7 for MapleLeafs.

2nd period


0:01 of 2nd period - Alexander Wennberg wins face-off versus Joel Eriksson Ek in neutral zone.
0:03 of 2nd period - John Marino is hit by Noah Hanifin and loses puck.
0:51 of 2nd period - Minor Penalty to Alexander Romanov for Hooking.
0:52 of 2nd period - Andrew Copp wins face-off versus Noel Acciari in MapleLeafs zone.
1:23 of 2nd period - Shot by Andrew Copp.
1:23 of 2nd period - Stopped by Jordan Binnington with a rebound.
1:31 of 2nd period - Shot by Andrew Copp.
1:31 of 2nd period - Shot Blocked by Erik Cernak.
1:33 of 2nd period - Shot by Andrew Copp.
1:33 of 2nd period - Deflect By Tomas Tatar.
1:33 of 2nd period - Goal by Tomas Tatar - Senators : 2 - MapleLeafs : 1.
1:34 of 2nd period - Luke Glendening wins face-off versus Shane Pinto in neutral zone.
2:56 of 2nd period - Alexander Wennberg is hit by Adam Lowry and loses puck.
3:46 of 2nd period - Shot by Joel Eriksson Ek.
3:46 of 2nd period - Stopped by Jordan Binnington without a rebound.
3:47 of 2nd period - Noel Acciari wins face-off versus Tomas Tatar in MapleLeafs zone.
4:37 of 2nd period - Icing by Christian Dvorak.
4:38 of 2nd period - Alexander Wennberg wins face-off versus Christian Dvorak in Senators zone.
6:21 of 2nd period - Minor Penalty to Nicolas Hague for High sticking.
6:22 of 2nd period - Joel Eriksson Ek wins face-off versus Alexander Wennberg in MapleLeafs zone.
6:35 of 2nd period - Shot by Joel Eriksson Ek.
6:35 of 2nd period - Stopped by Jordan Binnington without a rebound.
6:36 of 2nd period - Andrew Copp wins face-off versus Noel Acciari in MapleLeafs zone.
6:43 of 2nd period - Shot by Noah Hanifin.
6:43 of 2nd period - Shot Misses the Net.
7:34 of 2nd period - Icing by K'Andre Miller.
7:35 of 2nd period - Alexander Wennberg wins face-off versus Joel Eriksson Ek in Senators zone.
8:42 of 2nd period - Shot by Trent Frederic.
8:42 of 2nd period - Stopped by Igor Shesterkin with a rebound.
9:02 of 2nd period - Shot by Jonatan Berggren.
9:02 of 2nd period - Stopped by Igor Shesterkin without a rebound.
9:03 of 2nd period - Christian Dvorak wins face-off versus Shane Pinto in Senators zone.
9:33 of 2nd period - Shot by Rasmus Andersson.
9:33 of 2nd period - Stopped by Jordan Binnington without a rebound.
9:34 of 2nd period - Noel Acciari wins face-off versus Andrew Copp in MapleLeafs zone.
9:34 of 2nd period - Noel Acciari is hit by Matty Beniers.
9:47 of 2nd period - Off-side.
9:48 of 2nd period - Jonatan Berggren wins face-off versus Joel Eriksson Ek in neutral zone.
10:05 of 2nd period - Shot by Nikita Kucherov.
10:05 of 2nd period - Stopped by Jordan Binnington without a rebound.
10:06 of 2nd period - Andrew Copp wins face-off versus Alexander Wennberg in MapleLeafs zone.
10:21 of 2nd period - Shot by Barrett Hayton.
10:21 of 2nd period - Shot Misses the Net.
10:23 of 2nd period - Shot by Anthony Duclair.
10:23 of 2nd period - Shot Blocked by Connor Clifton.
10:38 of 2nd period - Shot by Matty Beniers.
10:38 of 2nd period - Shot Misses the Net.
10:50 of 2nd period - Shot by Andrew Copp.
10:50 of 2nd period - Stopped by Jordan Binnington without a rebound.
10:51 of 2nd period - Shane Pinto wins face-off versus Joel Eriksson Ek in MapleLeafs zone.
10:58 of 2nd period - Shot by Drake Batherson.
10:58 of 2nd period - Stopped by Igor Shesterkin with a rebound.
11:24 of 2nd period - Scott Laughton is hit by Erik Cernak and loses puck.
12:03 of 2nd period - Shot by Anthony Cirelli.
12:03 of 2nd period - Shot Blocked by Filip Chytil.
12:05 of 2nd period - Shot by Christian Dvorak.
12:05 of 2nd period - Stopped by Jordan Binnington without a rebound.
12:06 of 2nd period - Adam Lowry wins face-off versus Alexander Wennberg in MapleLeafs zone.
13:49 of 2nd period - Shot by Tomas Tatar.
13:49 of 2nd period - Stopped by Jordan Binnington without a rebound.
13:50 of 2nd period - Joel Eriksson Ek wins face-off versus Shane Pinto in MapleLeafs zone.
14:22 of 2nd period - Minor Penalty to Noah Hanifin for Tripping.
14:23 of 2nd period - Alexander Wennberg wins face-off versus Luke Glendening in Senators zone.
14:30 of 2nd period - Shot by Drake Batherson.
14:30 of 2nd period - Shot Blocked by Connor Clifton.
14:55 of 2nd period - Shot by Ryan Graves.
14:55 of 2nd period - Stopped by Igor Shesterkin without a rebound.
14:56 of 2nd period - Luke Glendening wins face-off versus Shane Pinto in Senators zone.
15:14 of 2nd period - Icing by Filip Chytil.
15:15 of 2nd period - Luke Glendening wins face-off versus Shane Pinto in MapleLeafs zone.
16:00 of 2nd period - Alexander Wennberg is hit by Adam Lowry and loses puck.
16:10 of 2nd period - Ryan Graves is hit by Erik Johnson and loses puck.
16:46 of 2nd period - Shot by Scott Laughton.
16:46 of 2nd period - Stopped by Jordan Binnington without a rebound.
16:47 of 2nd period - Luke Glendening wins face-off versus Filip Chytil in MapleLeafs zone.
16:47 of 2nd period - Luke Glendening is hit by Ryan Graves.
16:53 of 2nd period - Shot by Pius Suter.
16:53 of 2nd period - Shot Hit the Post.
17:15 of 2nd period - Shot by Filip Chytil.
17:15 of 2nd period - Stopped by Igor Shesterkin without a rebound.
17:16 of 2nd period - Alexander Wennberg wins face-off versus Andrew Copp in Senators zone.
17:16 of 2nd period - Alexander Romanov is hit by Connor Clifton and loses puck.
17:39 of 2nd period - Icing by Barrett Hayton.
17:40 of 2nd period - Joel Eriksson Ek wins face-off versus Alexander Wennberg in MapleLeafs zone.
18:07 of 2nd period - Shot by Nikita Kucherov.
18:07 of 2nd period - Shot Misses the Net.
18:09 of 2nd period - Shot by Rasmus Andersson.
18:09 of 2nd period - Shot Misses the Net.
18:11 of 2nd period - Shot by Nikita Kucherov.
18:11 of 2nd period - Shot Misses the Net.
18:29 of 2nd period - Icing by Alexander Romanov.
18:30 of 2nd period - Alexander Wennberg wins face-off versus Andrew Copp in MapleLeafs zone.
18:35 of 2nd period - Alexander Romanov is hit by Adam Lowry and loses puck.
18:40 of 2nd period - Shot by Andrew Copp.
18:40 of 2nd period - Shot Blocked by Alexander Romanov.
18:42 of 2nd period - Shot by K'Andre Miller.
18:42 of 2nd period - Deflect By Andrew Copp.
18:42 of 2nd period - Stopped by Jordan Binnington without a rebound.
18:43 of 2nd period - Drake Batherson wins face-off versus Christian Dvorak in MapleLeafs zone.
19:20 of 2nd period - Icing by Tomas Tatar.
19:21 of 2nd period - Christian Dvorak wins face-off versus Filip Chytil in Senators zone.
19:25 of 2nd period - Icing by Tomas Tatar.
19:26 of 2nd period - Christian Dvorak wins face-off versus Filip Chytil in Senators zone.
19:53 of 2nd period - Shot by Jonatan Berggren.
19:53 of 2nd period - Stopped by Igor Shesterkin without a rebound.
19:54 of 2nd period - Shane Pinto wins face-off versus Andrew Copp in Senators zone.
Goals for this period are 1 for Senators vs 0 for MapleLeafs.
Shots for this period are 11 for Senators vs 6 for MapleLeafs.

3rd period


0:01 of 3rd period - Matty Beniers wins face-off versus Alexander Wennberg in neutral zone.
0:25 of 3rd period - Shot by Andrew Copp.
0:25 of 3rd period - Stopped by Jordan Binnington without a rebound.
0:26 of 3rd period - Shane Pinto wins face-off versus Luke Glendening in MapleLeafs zone.
0:44 of 3rd period - Shot by Luke Glendening.
0:44 of 3rd period - Stopped by Jordan Binnington without a rebound.
0:45 of 3rd period - Andrew Copp wins face-off versus Filip Chytil in MapleLeafs zone.
0:53 of 3rd period - Minor Penalty to Adam Lowry for Hooking.
0:54 of 3rd period - Alexander Wennberg wins face-off versus Luke Glendening in Senators zone.
1:23 of 3rd period - Icing by Ryan Graves.
1:24 of 3rd period - Alexander Wennberg wins face-off versus Luke Glendening in MapleLeafs zone.
1:24 of 3rd period - Alexander Wennberg is hit by Luke Glendening.
2:42 of 3rd period - Anthony Duclair is hit by K'Andre Miller and loses puck.
2:47 of 3rd period - Andrew Copp is hit by Anthony Duclair and loses puck.
2:55 of 3rd period - Off-side.
2:56 of 3rd period - Joel Eriksson Ek wins face-off versus Noel Acciari in neutral zone.
3:26 of 3rd period - Noel Acciari is hit by Scott Laughton and loses puck.
4:09 of 3rd period - Icing by Jonatan Berggren.
4:10 of 3rd period - Filip Chytil wins face-off versus Adam Lowry in MapleLeafs zone.
4:21 of 3rd period - Shot by Filip Chytil.
4:21 of 3rd period - Shot Misses the Net.
4:55 of 3rd period - Shot by Andrew Copp.
4:55 of 3rd period - Stopped by Jordan Binnington without a rebound.
4:56 of 3rd period - Luke Glendening wins face-off versus Shane Pinto in MapleLeafs zone.
5:11 of 3rd period - Shot by Luke Glendening.
5:11 of 3rd period - Stopped by Jordan Binnington without a rebound.
5:12 of 3rd period - Joel Eriksson Ek wins face-off versus Alexander Wennberg in MapleLeafs zone.
5:12 of 3rd period - Joel Eriksson Ek is hit by Alexander Romanov.
6:30 of 3rd period - Shot by Matty Beniers.
6:30 of 3rd period - Stopped by Jordan Binnington without a rebound.
6:31 of 3rd period - Luke Glendening wins face-off versus Filip Chytil in MapleLeafs zone.
6:31 of 3rd period - Luke Glendening is hit by Ryan Graves.
6:41 of 3rd period - Shot by Pius Suter.
6:41 of 3rd period - Shot Blocked by Ryan Graves.
6:43 of 3rd period - Shot by Pius Suter.
6:43 of 3rd period - Shot Misses the Net.
6:45 of 3rd period - Shot by Luke Glendening.
6:45 of 3rd period - Goal by Luke Glendening - Senators : 3 - MapleLeafs : 1.
6:46 of 3rd period - Shane Pinto wins face-off versus Andrew Copp in neutral zone.
6:53 of 3rd period - K'Andre Miller is hit by Drake Batherson and loses puck.
7:05 of 3rd period - Icing by Erik Johnson.
7:06 of 3rd period - Filip Chytil wins face-off versus Andrew Copp in Senators zone.
7:20 of 3rd period - Icing by John Marino.
7:21 of 3rd period - Luke Glendening wins face-off versus Filip Chytil in MapleLeafs zone.
7:47 of 3rd period - Shot by Filip Chytil.
7:47 of 3rd period - Stopped by Igor Shesterkin without a rebound.
7:48 of 3rd period - Adam Lowry wins face-off versus Shane Pinto in Senators zone.
9:23 of 3rd period - Shot by Alexander Wennberg.
9:23 of 3rd period - Shot Misses the Net.
9:29 of 3rd period - Shot by Anthony Duclair.
9:29 of 3rd period - Shot Blocked by Rasmus Andersson.
9:31 of 3rd period - Shot by Anthony Duclair.
9:31 of 3rd period - Shot Blocked by Anthony Cirelli.
9:55 of 3rd period - Filip Chytil is hit by Luke Glendening.
10:03 of 3rd period - Shot by Jonatan Berggren.
10:03 of 3rd period - Shot Misses the Net.
10:15 of 3rd period - Erik Cernak is hit by Luke Glendening.
11:04 of 3rd period - Minor Penalty to K'Andre Miller for Tripping.
11:05 of 3rd period - Luke Glendening wins face-off versus Alexander Wennberg in Senators zone.
11:05 of 3rd period - Luke Glendening is hit by Jonathan Huberdeau.
11:15 of 3rd period - Luke Glendening is hit by Jonathan Huberdeau and loses puck.
11:26 of 3rd period - Shot by Jonathan Huberdeau.
11:26 of 3rd period - Stopped by Igor Shesterkin with a rebound.
11:33 of 3rd period - Off-side.
11:34 of 3rd period - Andrew Copp wins face-off versus Alexander Wennberg in neutral zone.
11:52 of 3rd period - Drake Batherson is hit by Noah Hanifin and loses puck.
13:11 of 3rd period - Shot by Joel Eriksson Ek.
13:11 of 3rd period - Shot Misses the Net.
14:21 of 3rd period - Shot by Andrew Copp.
14:21 of 3rd period - Stopped by Jordan Binnington without a rebound.
14:22 of 3rd period - Luke Glendening wins face-off versus Jonathan Huberdeau in MapleLeafs zone.
14:25 of 3rd period - Shot by Pius Suter.
14:25 of 3rd period - Stopped by Jordan Binnington without a rebound.
14:26 of 3rd period - Jonathan Huberdeau wins face-off versus Christian Dvorak in MapleLeafs zone.
15:35 of 3rd period - Shot by Matty Beniers.
15:35 of 3rd period - Stopped by Jordan Binnington with a rebound.
15:37 of 3rd period - Shot by Andrew Copp.
15:37 of 3rd period - Stopped by Jordan Binnington without a rebound.
15:38 of 3rd period - Luke Glendening wins face-off versus Alexander Wennberg in MapleLeafs zone.
15:41 of 3rd period - Shot by Brock McGinn.
15:41 of 3rd period - Shot Misses the Net.
16:44 of 3rd period - Shot by Matty Beniers.
16:44 of 3rd period - Shot Misses the Net.
16:58 of 3rd period - Filip Chytil is hit by Adam Lowry and loses puck.
17:06 of 3rd period - Icing by Filip Chytil.
17:07 of 3rd period - Filip Chytil wins face-off versus Joel Eriksson Ek in MapleLeafs zone.
17:07 of 3rd period - Filip Chytil is hit by Scott Laughton.
17:19 of 3rd period - Shot by Zach Whitecloud.
17:19 of 3rd period - Shot Blocked by Nikita Kucherov.
17:21 of 3rd period - Shot by Trent Frederic.
17:21 of 3rd period - Shot Blocked by Scott Laughton.
17:38 of 3rd period - Shot by Filip Chytil.
17:38 of 3rd period - Shot Blocked by Scott Laughton.
17:40 of 3rd period - Shot by Trent Frederic.
17:40 of 3rd period - Shot Blocked by Nikita Kucherov.
17:42 of 3rd period - Shot by Filip Chytil.
17:42 of 3rd period - Goal by Filip Chytil - Senators : 3 - MapleLeafs : 2.
17:43 of 3rd period - Shane Pinto wins face-off versus Christian Dvorak in neutral zone.
18:03 of 3rd period - Shot by Drake Batherson.
18:03 of 3rd period - Shot Misses the Net.
19:16 of 3rd period - Shot by Pius Suter.
19:16 of 3rd period - Shot Misses the Net.
19:18 of 3rd period - Shot by Erik Johnson.
19:18 of 3rd period - Stopped by Jordan Binnington without a rebound.
19:19 of 3rd period - Adam Lowry wins face-off versus Jonatan Berggren in MapleLeafs zone.
19:32 of 3rd period - MapleLeafs, Jordan Binnington is pulled from the net.
19:43 of 3rd period - Off-side.
19:44 of 3rd period - Jonathan Huberdeau wins face-off versus Adam Lowry in neutral zone.
Goals for this period are 1 for Senators vs 1 for MapleLeafs.
Shots for this period are 11 for Senators vs 3 for MapleLeafs.